 Dungeon Crawl Stone Soup version 0.31-a0-1620-gcbf77bbcfc (webtiles) character file.

Game seed: 12555526933202258483

89 Essalna the Digger (level 4, 0/24 HPs)
             Began as a Gargoyle Earth Elementalist on Jan 11, 2024.
             Killed from afar by Ijyb (3 damage)
             ... with a puff of flame
             ... on level 3 of the Dungeon.
             The game lasted 00:03:30 (2189 turns).

Essalna the Digger (Gargoyle Earth Elementalist)    Turns: 2189, Time: 00:03:31

Health: 0/24       AC:  5    Str: 12    XL:     4   Next: 55%
Magic:  6/8        EV: 11    Int: 17    God:
Gold:   84         SH:  0    Dex: 10    Spells: 5/9 levels left

rFire   . . .        f - +0 hand axe
rCold   . . .        (no shield)
rNeg    + + .        a - +0 robe
rPois   ∞            (no helmet)
rElec   +            o - scarf {shadows}
rCorr   .            (no gloves)
SInv    .            (no boots)
Will    .....        g - amulet of regeneration
Stlth   ++           j - ring of positive energy
HPRegen 1.04/turn    (no ring)
MPRegen 0.11/turn

%: no passive effects
@: no status effects
A: sickness immunity, AC +3, negative energy resistance 1, electricity
resistance, torment resistance 1, petrification resistance
a: no special abilities


You were on level 3 of the Dungeon.
You visited 1 branch of the dungeon, and saw 3 of its levels.

You collected 84 gold pieces.

Inventory:

Hand Weapons
 f - a +0 hand axe (weapon)
Armour
 a - a +0 robe (worn)
 o - a scarf of shadows (worn)
Jewellery
 g - an amulet of regeneration (around neck)
 j - a ring of positive energy (left hand)
Scrolls
 d - a scroll of vulnerability {unknown}
 e - a scroll of identify {unknown}
 i - a scroll of noise {unknown}
 k - a scroll of fear {unknown}
 m - a scroll of teleportation {unknown}
Potions
 c - a potion of mutation {unknown}
 l - a potion of degeneration {unknown}
 n - a potion of haste {unknown}


   Skills:
 - Level 1.5 Dodging
 - Level 2.1 Stealth
 + Level 3.0 Spellcasting
 + Level 2.6 Conjurations
 + Level 4.6 Earth Magic


You had 5 spell levels left.
You knew the following spells:

 Your Spells              Type           Power      Damage    Failure   Level
a - Sandblast             Erth           36%        2d10      2%          1
b - Stone Arrow           Conj/Erth      30%        3d8       12%         3

Your spell library contained the following spells:

 Spells                   Type           Power      Damage    Failure   Level
 Magic Dart               Conj           44%        1d5       6%          1
 Passwall                 Erth           18%        N/A       8%          3
 Searing Ray              Conj           22%        2d5       9%          2
 Brom's Barrelling Bould  Conj/Erth      15%        2d4       36%         4
 Petrify                  Alch/Erth      10%        N/A       54%         4
 Fulminant Prism          Conj/Alch      3%         3d5       69%         4


Dungeon Overview and Level Annotations

Branches:
Dungeon (3/15)

Altars:

Annotations:
D:3 Ijyb, Robin


Innate Abilities, Weirdness & Mutations

You are immune to sickness and miasma.
Your stone body is resilient. (AC +3)
You are immune to poison.
You resist negative energy. (rN+)
You are resistant to electric shocks. (rElec)
You are resistant to unholy torment.
You are immune to petrification.


Message History

Aiming: Sandblast (safe; 2% risk of failure)
Press: ? - help, Shift-Dir - straight line, f - goblin
Aim: a goblin, wielding a +0 dagger (strong, 77% to hit)
The blast of sand hits the goblin!
You kill the goblin!
The goblin hits you but does no damage.
Robin roars a battlecry!
The goblin goes into a battle-frenzy!
The goblin hits you with a +0 dagger.
Things that are here:
a +0 dagger; a goblin corpse
Casting: Sandblast (safe; 2% risk of failure)
Confirm with . or Enter, or press ? or * to list all spells.
Aiming: Sandblast (safe; 2% risk of failure)
Press: ? - help, Shift-Dir - straight line, f - Ijyb
Aim: Ijyb, wielding a +0 club, wearing a +0 leather armour and carrying a wand of flame (strong, 77% to hit)
The blast of sand hits Ijyb but does no damage.
Casting: Sandblast (safe; 2% risk of failure)
Confirm with . or Enter, or press ? or * to list all spells.
Aiming: Sandblast (safe; 2% risk of failure)
Press: ? - help, Shift-Dir - straight line, f/p - Ijyb
Aim: Ijyb, wielding a +0 club, wearing a +0 leather armour and carrying a wand of flame (strong, 77% to hit)
The blast of sand hits Ijyb!
Ijyb is moderately wounded.
Ijyb hits you with a +0 club. Ijyb attacks as she pursues you!
Ijyb hits you with a +0 club.
Ijyb zaps a wand.
The puff of flame hits you!
* * * LOW HITPOINT WARNING * * *
Ijyb zaps a wand.
The puff of flame misses you.
It was a potion of curing.
You feel better.
The goblin no longer looks unusually strong.
Ijyb no longer looks unusually strong.
Ijyb zaps a wand.
The puff of flame hits you.
* * * LOW HITPOINT WARNING * * *
You feel better.
Ijyb zaps a wand.
The puff of flame hits you!
* * * LOW HITPOINT WARNING * * *
Okay, then.
Ijyb screams, "Get away!"
Ijyb zaps a wand.
The puff of flame hits you.
You die...

#..........#...#.######.
#..........#...#.# #.
#.........##...#.# #.
#......>..##...#.# #.
#.........##...#.# #.
#.........##...#.# #.
#.........##...#.# #.
#.........##...#.# #.
###....@####...#.# #.
#.....# #...#.# #.
#...g.# #...#.# #. ..
#.....# #...#.# #.
....#######gg...#
#...#.######.
....)gwg.)w.....#
#...#.#......
....########)##.#
#...#.#.##### ## #.##.#
#...#.#.# #.##.#
#...#.#)#


You could see Ijyb, a ribbon worm and 2 goblins.

Vanquished Creatures
  2 adders (D:2)
  A dart slug (D:2)
  2 ribbon worms
  An orc (D:3)
  4 ball pythons
  2 endoplasms (D:2)
  2 giant cockroaches
  12 goblins
  11 hobgoblins
  4 jackals (D:2)
  2 kobolds
  3 quokkas (D:1)
  5 bats
  A frilled lizard (D:1)
  3 rats
55 creatures vanquished.

Notes
Turn   | Place    | Note
-------+----------+-------------------------------------------
     0 | D:1      | Essalna the Gargoyle Earth Elementalist began the quest for
                  | the Orb.
     0 | D:1      | Reached XP level 1. HP: 10/10 MP: 3/3
   120 | D:1      | Reached XP level 2. HP: 6/15 MP: 0/5
   259 | D:1      | Reached skill level 4 in Earth Magic
   436 | D:1      | Reached XP level 3. HP: 19/19 MP: 3/6
   483 | D:1      | Learned a level 3 spell: Stone Arrow
   674 | D:2      | Found a faded altar of an unknown god.
  1082 | D:2      | Reached XP level 4. HP: 23/24 MP: 1/8
  2159 | D:3      | Noticed Robin
  2175 | D:3      | Noticed Ijyb
  2189 | D:3      | Killed from afar by Ijyb

Illustrated notes

Levels and vault maps discovered:
D:1:      orjb1_lava_funnel, layout_basic, chequers_serial_rivers_micro_a
D:2:      layout_loops_corners, dreamdust_ecumenical_altar_angels_and_demons,
          minivault_5, minmay_misc_feat_secret_circle
D:3:      layout_basic, uniq_robin, uniq_natasha, uniq_ijyb

Skill      XL: |  1  2  3  4 |
---------------+-------------+-----
Earth Magic    | 4 |  4.6
Conjurations   | 2 |  2.6
Spellcasting   | 3 |  3.0
Dodging        | |  1.5
Stealth        | |  2.1

Action                     |  1- 3 |  4- 6 || total
---------------------------+-------+-------++-------
  Melee: Unarmed           |    28 |       ||    28
         Punch             |     2 |       ||     2
         Hand axe          |    21 |     4 ||    25
   Cast: Sandblast         |    37 |    33 ||    70
    Use: Potion            |       |     3 ||     3
 Armour: Robe              |    49 |    33 ||    82
  Dodge: Dodged            |    56 |    11 ||    67

Table legend: (Time is in decaauts)
 A = Elapsed time spent in this place.
 B = Non-inter-level travel time spent in this place.
 C = Inter-level travel time spent in this place.
 D = Time resting spent in this place.
 E = Time spent auto-exploring this place.
 F = Levels seen in this place.
 G = Mean time per level.
                   A        B        C        D        E       F      G
               +--------+--------+--------+--------+--------+-----+--------+
         Total |   2231 |   2200 |     31 |      0 |   1868 |   3 |  743.7 |
       Dungeon |   2231 |   2200 |     31 |      0 |   1868 |   3 |  743.7 |
               +--------+--------+--------+--------+--------+-----+--------+

Top non-repeatable levels by time:
     D:2: 1060 daAuts
     D:1: 662 daAuts
     D:3: 509 daAuts
